 Dungeon Crawl Stone Soup version 0.29.0 (webtiles) character file.

Game seed: 7141744697686634255

487 mezmerelda the Cleaver (level 6, -7/78 HPs)
             Began as a Minotaur Berserker on Sept 5, 2022.
             Was a Priest of Trog.
             Mangled by a gnoll
             ... wielding a +0 halberd
              (10 damage)
             ... on level 5 of the Dungeon.
             The game lasted 00:17:03 (3666 turns).

mezmerelda the Cleaver (Minotaur Berserker)         Turns: 3666, Time: 00:17:04

Health: -7/78      AC:  5    Str: 23    XL:     6   Next: 89%
Magic:  5/5        EV: 11    Int:  4    God:    Trog [***...]
Gold:   268        SH:  0    Dex: 12    Spells: 5/5 levels left

rFire   . . .      SeeInvis .   a - +0 war axe
rCold   + . .      Faith    .   (no shield)
rNeg    . . .      Spirit   .   q - +0 ring mail "Puleacka" {rC+ Dex+2}
rPois   .          Reflect  .   (helmet restricted)
rElec   .          Harm     .   (no cloak)
rCorr   .          Rampage  .   (no gloves)
Will    +....                   (no boots)
Stlth   ..........              y - amulet of regeneration
HPRegen 1.03/turn               z - ring of willpower
MPRegen 0.09/turn               (no ring)

@: berserking, very quick
A: horns 2, retaliatory headbutt
a: Renounce Religion, Berserk, Trog's Hand


You were on level 5 of the Dungeon.
You worshipped Trog.
Trog was most pleased with you.
You visited 2 branches of the dungeon, and saw 6 of its levels.

You collected 268 gold pieces.

Inventory:

Hand Weapons
 a - a +0 war axe (weapon)
 b - a +0 arbalest
 n - a +0 sling
Missiles
 h - 9 javelins (quivered)
 B - 6 boomerangs of dispersal
Armour
 f - a +0 chain mail
 q - the +0 ring mail "Puleacka" (worn) {rC+ Dex+2}
   (You found it on level 3 of the Dungeon)

   Dex:       It affects your dexterity (+2).
   rC:        It protects you from cold.
Jewellery
 o - an amulet of the acrobat
 t - a ring of fire
 y - an amulet of regeneration (around neck)
 z - a ring of willpower (left hand)
Scrolls
 d - 2 scrolls of noise {unknown}
 e - 2 scrolls of silence {unknown}
 i - a scroll of fog {unknown}
 j - 2 scrolls of enchant weapon {unknown}
 l - a scroll of enchant armour {unknown}
 p - 2 scrolls of teleportation {unknown}
 s - 3 scrolls of identify {unknown}
 x - a scroll of blinking {unknown}
 A - a scroll of poison {unknown}
Potions
 c - 2 potions of curing {unknown}
 g - a potion of mutation {unknown}
 k - a potion of heal wounds {unknown}
 m - 2 potions of attraction {unknown}
 r - a potion of degeneration {unknown}
 u - a potion of haste {unknown}
 v - 2 potions of brilliance {unknown}
 w - a potion of lignification {unknown}


   Skills:
 + Level 3.8 Fighting
 * Level 8.0 Axes
 - Level 3.0 Ranged Weapons
 - Level 4.0 Armour
 - Level 2.1 Dodging


You had 5 spell levels left.
You didn't know any spells.
Your spell library was empty.

Dungeon Overview and Level Annotations

Branches:
Dungeon (5/15)             Temple (1/1) D:5

Altars:
Ashenzari
Cheibriados
Dithmenos
Fedhas
Gozag
Hepliaklqana
Kikubaaqudgha
Okawaru
Qazlal
Ru
Trog
Uskayaw
Vehumet
Wu Jian
Xom
Yredelemnul
Zin


Innate Abilities, Weirdness & Mutations

You have a pair of horns on your head.
You reflexively headbutt those who attack you in melee.


Message History

b - a +0 arbalest (weapon)
You see here a staff of fire.
A hound and an adder come into view.
The hound barks!
The adder hisses angrily.
a - a +0 war axe (weapon)
The adder bites you but does no damage.
You barely miss the adder. The adder bites you but does no damage.
The adder barely misses you. You furiously retaliate!
You headbutt the adder! You slash the adder!
You kill the adder!
Trog accepts your kill. The hound barely misses you. You furiously retaliate!
You headbutt the hound! You closely miss the hound.
The hound is heavily wounded.
The hound closely misses you. You furiously retaliate!
You headbutt the hound, but do no damage.
You slash the hound!
You kill the hound!
Trog accepts your kill.
Your Axes skill increases to level 8!
b - a +0 arbalest (weapon)
An ogre and 3 gnolls come into view.
The ogre shouts!
The gnoll shouts! x2
The gnoll moves out of view.
a - a +0 war axe (weapon)
You hit the ogre but do no damage. The ogre hits you with a +0 giant club!
You slash the ogre! You headbutt the ogre!
The ogre is heavily wounded.
The gnoll closely misses you.
The ogre hits you with a +0 giant club!!
A red film seems to cover your vision as you go berserk!
You feel yourself moving faster!
You feel mighty!
The gnoll hits you from afar with a +0 halberd!
* * * LOW HITPOINT WARNING * * *
You barely miss the ogre.
The ogre is heavily wounded.
The ogre hits you with a +0 giant club!
* * * LOW HITPOINT WARNING * * *
The gnoll hits you from afar with a +0 halberd!
You die...

##### ####.. ....
##..... #..#
##.|###.
#..########..##...
#...O.gg.#..##...#
#g# #.##....# #g#
##.#....## #O#
#..#...## ####@#
#....###. #....#
#.####... #.####
###...^..# #..#
#.....#### ##.#
#.##### #.# #....#
#.# ####.# #.# #.#
#######.#### #.#


You could see an ogre and 2 gnolls.

Vanquished Creatures
  A black bear (D:4)
  2 scorpions (D:4)
  A hound (D:5)
  An iguana (D:4)
  An orc wizard (D:4)
  10 adders
  3 worms
  16 orcs (D:4)
  5 ball pythons
  6 endoplasms
  4 giant cockroaches
  2 goblins (D:4)
  4 hobgoblins
  10 jackals
  5 kobolds
  2 quokkas
  5 bats
  4 frilled lizards
  4 rats
86 creatures vanquished.

Notes
Turn   | Place    | Note
-------+----------+-------------------------------------------
     0 | D:1      | mezmerelda the Minotaur Berserker began the quest for the
                  | Orb.
     0 | D:1      | Reached XP level 1. HP: 19/19 MP: 0/0
   207 | D:1      | Found a faded altar of an unknown god.
   211 | D:1      | Reached skill level 4 in Axes
   280 | D:1      | Reached XP level 2. HP: 16/26 MP: 1/1
   815 | D:2      | Reached skill level 5 in Axes
   904 | D:2      | Reached XP level 3. HP: 31/31 MP: 2/2
   958 | D:2      | Reached ** piety under Trog
   994 | D:2      | Reached XP level 4. HP: 38/39 MP: 3/3
  1013 | D:2      | Reached skill level 6 in Axes
  1792 | D:3      | Identified the +0 ring mail "Puleacka" {rC+ Dex+2}
  1860 | D:3      | Reached skill level 1 in Ranged Weapons
  2321 | D:4      | Reached XP level 5. HP: 43/45 MP: 4/4
  2517 | D:4      | Reached XP level 6. HP: 43/51 MP: 5/5
  2701 | D:4      | Reached skill level 7 in Axes
  2746 | D:4      | Reached *** piety under Trog
  3465 | D:5      | Entered Level 5 of the Dungeon
  3504 | D:5      | Found a staircase to the Ecumenical Temple.
  3526 | Temple   | Entered the Ecumenical Temple
  3526 | Temple   | Found a transporter.
  3526 | Temple   | Found a transporter.
  3528 | Temple   | Found a transporter.
  3528 | Temple   | Found a transporter.
  3616 | D:5      | Reached skill level 8 in Axes
  3666 | D:5      | HP: 3/78 [ogre/+0 giant club (15)]
  3666 | D:5      | Mangled by a gnoll

Illustrated notes

Levels and vault maps discovered:
D:1:      dpeg_arrival_central, layout_basic, ebering_ecumenical_altar_rust
D:2:      layout_basic, chequers_serial_rivers_small_3, st_stairs_8,
          minmay_tromino_i4
D:3:      layout_rooms, amcnicky_mini_rare_corridor_liquid
D:4:      layout_basic
D:5:      minmay_evil_eye, layout_loops_ring, minmay_temple_entry_offerings
Temple:   hellmonk_temple_divided_pantheon

Skill      XL: |  1  2  3  4  5  6 |
---------------+-------------------+-----
Axes           | 4 5 6 8 |  8.0
Ranged Weapons | 1 3 |  3.0
Armour         | 3 4 |  4.0
Fighting       | |  3.8
Dodging        | |  2.1

Action                   |  1- 3 |  4- 6 || total
-------------------------+-------+-------++-------
Melee: Hand axe          |    73 |    72 ||   145
       Headbutt          |    10 |    17 ||    27
       Punch             |       |     1 ||     1
       War axe           |       |    21 ||    21
 Fire: Sling             |       |    38 ||    38
       Arbalest          |       |    29 ||    29
Throw: Javelin           |     4 |     2 ||     6
Invok: Berserk           |     1 |     1 ||     2
Armor: Animal skin       |     4 |       ||     4
       Chain mail        |    21 |    14 ||    35
       Ring mail         |       |    22 ||    22
Dodge: Dodged            |    28 |    49 ||    77
